 Dungeon Crawl Stone Soup version 0.25.0-11-g1f837a76a1 (webtiles) character file.

Game seed: 16594623130193469477

30 sanka the Grave Robber (level 3, -1/19 HPs)
             Began as a Kobold Necromancer on June 27, 2020.
             Slain by a worm (8 damage)
             ... on level 2 of the Dungeon.
             The game lasted 00:02:39 (1510 turns).

sanka the Grave Robber (Kobold Necromancer)         Turns: 1510, Time: 00:02:40

Health: -1/19      AC:  2    Str:  5    XL:     3   Next: 37%
Magic:  1/7        EV: 15    Int: 17    God:
Gold:   68         SH:  0    Dex: 15    Spells: 3/8 levels left

rFire    . . .     SeeInvis .   j - +0 short sword
rCold    . . .     Gourm    .   (shield restricted)
rNeg     . . .     Faith    .   a - +0 robe
rPois    .         Spirit   .   (no helmet)
rElec    .         Reflect  .   (no cloak)
rCorr    .         Harm     .   (no gloves)
MR       .....                  (no boots)
Stlth    +.........             (no amulet)
HPRegen  0.06/turn              e - ring of attention (curse)
MPRegen  0.10/turn              (no ring)

@: no status effects
A: small, carnivore
a: no special abilities


You were on level 2 of the Dungeon.
You were very full.

You visited 1 branch of the dungeon, and saw 2 of its levels.

You collected 68 gold pieces.


Innate Abilities, Weirdness & Mutations

You are small and have problems with some larger weapons.
You are carnivorous and can eat meat at any time.


   Skills:
 - Level 2.4 Dodging
 - Level 2.6 Stealth
 - Level 3.0 Spellcasting
 + Level 4.5 Necromancy


You had 3 spell levels left.
You knew the following spells:

 Your Spells              Type           Power        Failure   Level  Hunger
x - Vampiric Draining     Necr           ###.......   8%          3    ###....
z - Pain                  Necr           ###.         2%          1    None
Z - Animate Skeleton      Necr           N/A          2%          1    None

Your spell library contained the following spells:

 Spells                   Type           Power        Failure   Level  Hunger
 Animate Dead             Necr           N/A          26%         4    ####...
 Agony                    Necr           ###.....     58%         5    ######.

Inventory:

Hand Weapons
 j - a +0 short sword (weapon)
Missiles
 l - 47 stones (quivered)
Armour
 a - a +0 robe (worn)
Jewellery
 e - a cursed ring of attention (left hand)
Scrolls
 b - 3 scrolls of remove curse {unknown}
 g - a scroll of enchant armour {unknown}
 h - a scroll of immolation {unknown}
 i - a scroll of fear {unknown}
 k - a scroll of magic mapping {unknown}
Potions
 d - 2 potions of curing {unknown}
 f - a potion of stabbing {unknown}
Comestibles
 c - 3 rations

Dungeon Overview and Level Annotations

Branches:
Dungeon (2/15)

Altars:

..
....▒▒▒▒▒
▒.....▒
▒.▒
▒.▒▒▒w▒
▒...K.▒
▒▒▒▒▒.▒
..▒ ▒▒▒


You could see a worm.


Message History

Aim: a worm (asleep, chance to defeat MR: 84%)
The worm writhes in agony.
Aiming: Pain (safe; 2% risk of failure)
Aim: a worm (lightly wounded, chance to defeat MR: 84%)
The worm writhes in agony.
Aiming: Pain (safe; 2% risk of failure)
Aim: a worm (moderately wounded, chance to defeat MR: 84%)
The worm writhes in agony!
Aiming: Pain (safe; 2% risk of failure)
Aim: a worm (heavily wounded, chance to defeat MR: 84%)
The worm barely resists.
Aiming: Pain (safe; 2% risk of failure)
Aim: a worm (heavily wounded, chance to defeat MR: 84%)
The worm writhes in agony.
Aiming: Pain (safe; 2% risk of failure)
Aim: a worm (severely wounded, chance to defeat MR: 84%)
The worm writhes in agony.
The worm misses you.
There is a stone staircase leading up here.
Aiming: Pain (safe; 2% risk of failure)
Aim: a worm (almost dead, chance to defeat MR: 84%)
The worm writhes in agony.
You hit the worm.
The worm is almost dead.
The worm bites you.
* * * LOW HITPOINT WARNING * * *
You barely miss the worm.
The worm is almost dead.
The worm bites you!
You die...

Action                   || total
-------------------------++-------
Melee: Unarmed           ||     9
       Short sword       ||     2
 Cast: Pain              ||    46
       Animate Skeleton  ||     8
 Stab: Distracted        ||     1
  Eat: Chunk             ||     9
Armor: Robe              ||     2
Dodge: Dodged            ||    16

Levels and vault maps discovered:
D:1:      wander_arrival_chamber, layout_loops_cross, minmay_pentomino_o4
D:2:      layout_basic, overflow_temple_1_default, uniq_jessica

Notes
Turn   | Place    | Note
-------+----------+-------------------------------------------
     0 | D:1      | sanka the Kobold Necromancer began the quest for the Orb.
     0 | D:1      | Reached XP level 1. HP: 10/10 MP: 3/3
    71 | D:1      | Learned a level 1 spell: Animate Skeleton
   305 | D:1      | Reached XP level 2. HP: 13/15 MP: 1/5
   837 | D:1      | Reached XP level 3. HP: 15/19 MP: 1/7
   926 | D:1      | Learned a level 3 spell: Vampiric Draining
  1142 | D:1      | Reached skill level 3 in Spellcasting
  1510 | D:2      | Slain by a worm

Vanquished Creatures
  An ooze (D:1)
  3 leopard geckos
  3 bats (D:1)
  2 giant cockroaches (D:1)
  3 goblins (D:1)
  A hobgoblin (D:1)
  6 kobolds
  2 rats (D:1)
21 creatures vanquished.

Vanquished Creatures (collateral kills)
  A leopard gecko (D:1)
1 creature vanquished.

Grand Total: 22 creatures vanquished
